 Dungeon Crawl Stone Soup version 0.30-a0-948-g4fa250aae5 (webtiles) character file.

Game seed: 9325654231444669382

4041 Shard1697 the Basher (level 10, 0/71 (83) HPs)
             Began as a Demonspawn Fighter on Mar 27, 2023.
             Was an Elder of Qazlal.
             Succumbed to a wight's poison
             ... on level 8 of the Dungeon.
             The game lasted 00:14:05 (6898 turns).

Shard1697 the Basher (Demonspawn Fighter)           Turns: 6898, Time: 00:14:05

HP:   0/71 (83)     AC:  8    Str: 20    XL:     10   Next: 4%
MP:   21/24         EV: 10    Int: 11    God:    Qazlal [****..]
Gold: 452           SH:  9    Dex: 12    Spells: 5/9 levels left

rFire   . . .      SeeInvis .    a - +11 hammer "Desayge" {drain, rElec}
rCold   . . .      Faith    .    c - +0 buckler
rNeg    . . .      Spirit   .    I - +0 acid dragon scales
rPois   .          Reflect  .    (no helmet)
rElec   +          Rampage  .    g - +0 cloak
rCorr   +                        (no gloves)
Will    .....                    q - +0 pair of boots
Stlth   +                        (no amulet)
HPRegen 0.31/turn                p - ring of magical power
MPRegen 0.19/turn                (no ring)

@: lethally poisoned (0 -> -8), heavily drained, repel missiles
A: foul stench 2, demonic magic 1, weakness stinger 2
a: Renounce Religion, Upheaval, Elemental Force


You were on level 8 of the Dungeon.
You worshipped Qazlal.
Qazlal was greatly pleased with you.
You visited 1 branch of the dungeon, and saw 9 of its levels.

You collected 452 gold pieces.

Inventory:

Hand Weapons
 a - the +11 hammer "Desayge" (weapon) {drain, rElec}
   (You found it on level 4 of the Dungeon)

   rElec:     It insulates you from electricity.
 B - a +2 whip of electrocution
Armour
 c - a +0 buckler (worn)
 g - a +0 cloak (worn)
 q - a +0 pair of boots (worn)
 A - a +0 leather armour of fire resistance
 I - +0 acid dragon scales (worn)
Jewellery
 p - a ring of magical power (left hand)
Wands
 v - a wand of flame (9)
 x - a wand of iceblast (11)
 E - a wand of mindburst (8)
Scrolls
 f - a scroll of poison
 j - a scroll of blinking
 l - a scroll of immolation {unknown}
 m - a scroll of fog {unknown}
 r - a scroll of noise {unknown}
 s - a scroll of butterflies
 t - 3 scrolls of magic mapping {unknown}
 u - a scroll of enchant weapon {unknown}
 w - a scroll of amnesia {unknown}
 y - a scroll of teleportation
 F - a scroll of torment {unknown}
 H - a scroll of vulnerability {unknown}
Potions
 d - a potion of might
 e - 5 potions of curing
 h - 3 potions of haste
 i - 8 potions of attraction
 n - 2 potions of flight
 o - 2 potions of invisibility
 z - a potion of magic
 C - a potion of mutation
 D - a potion of lignification
 G - a potion of berserk rage {unknown}


   Skills:
 * Level 9.1 Fighting
 * Level 9.4 Maces & Flails
 - Level 2.6 Armour
 - Level 2.6 Shields
 + Level 7.7 Invocations


You had 5 spell levels left.
You knew the following spells:

 Your Spells              Type           Power      Damage    Failure   Level
a - Blink                 Tloc           0%         N/A       67%         2
b - Lesser Beckoning      Tloc           0%         N/A       67%         2

Your spell library contained the following spells:

 Spells                   Type           Power      Damage    Failure   Level
 Shock                    Conj/Air       0%         1d3       52%         1
 Momentum Strike          Conj/Tloc      0%         3d8       67%         2
 Swiftness                Air            0%         N/A       88%         3
 Airstrike                Air            0%         2d(0-16)  99%         4
 Passage of Golubria      Tloc           0%         N/A       99%         4
 Silence                  Hex/Air        0%         N/A       100%        5
 Lehudib's Crystal Spear  Conj/Erth      0%         10d2      100%        8


Dungeon Overview and Level Annotations

Branches:
Dungeon (9/15)             Temple (0/1) D:4
   Lair: D:8-11         Orc: D:9-12

Altars:
Fedhas
Kikubaaqudgha
Qazlal
Ru
Sif Muna
Uskayaw


Innate Abilities, Weirdness & Mutations

You sometimes emit foul miasma when damaged in melee.
Spells you cast may paralyse adjacent enemies.
You have a tail ending in a sharp stinger.


Message History

The wight barely misses you. The wight hits you with a +2 battleaxe.
You feel drained.
You climb upwards.
There is a stone staircase leading down, spattered with blood here.
You hit the wight.
The wight is heavily damaged.
The wight closely misses you. The wight hits you with a +3 battleaxe.
You emit a cloud of foul miasma!
You hit the wight but do no damage.
The wight is heavily damaged.
The wight hits you with a +2 battleaxe.
* * * LOW HITPOINT WARNING * * *
You emit a cloud of foul miasma!
You block the wight's attack.
You hit the wight.
The wight is severely damaged.
The wight hits you with a +2 battleaxe.
* * * LOW HITPOINT WARNING * * *
The wight hits you with a +3 battleaxe!
* * * LOW HITPOINT WARNING * * *
You feel much better. The wight hits you with a +2 battleaxe!
* * * LOW HITPOINT WARNING * * *
You feel drained.
* * * LOW HITPOINT WARNING * * *
The wight hits you with a +3 battleaxe.
* * * LOW HITPOINT WARNING * * *
You feel drained.
* * * LOW HITPOINT WARNING * * *
Blink to where?
Press: ? - help, Dir - move target
As you read the scroll of blinking, it crumbles to dust.
The wight throws a poisoned dart.
The poisoned dart hits you!
You are lethally poisoned!
Aiming: Upheaval
Press: ? - help, Dir - move target, f - wight
Aim: a wight, wielding a +3 battleaxe and wearing a +0 robe The ground shakes violently, spewing rubble!
The blast of rubble hits the wight!!
You destroy the wight!
Qazlal accepts your kill.
You die...

.#..............)......+....#..'.
.#.....................#....#..#.
.#.....................###.###.#.
.#.............##+#[.....#.###.##
.#......########..#......#......#
##......#......'..'......#......#
..######......##..#......#..##.##
..# #......##..##.....#..##.##
..# #########@..#.....'.......
..# #..[§○)§....#.....#.......
..# #.§z>)......#.....#.......
..# #############.....########
### #######


You could see a wight.

Vanquished Creatures
  Pikel (D:7)
  An unseen horror (D:8)
  Sigmund (D:4)
  A wyvern (D:8)
  Eustachio (D:5)
  Edmund (D:6)
  An acid dragon (D:9)
  A water moccasin (D:7)
  3 sky beasts (D:7)
  2 centaurs
  A phantom (D:4)
  3 kobold brigands (D:8)
  3 bullfrogs
  2 scorpions
  13 wights
  8 howler monkeys
  A hound (D:4)
  2 jellies
  Crazy Yiuf (D:4)
  An orc priest (D:2)
  3 iguanas
  4 orc wizards
  11 gnolls
  7 adders
  A white imp (D:6)
  2 ufetubi
  A worm (D:4)
  3 dart slugs
  15 orcs
  An endoplasm (D:3)
  5 giant cockroaches
  12 goblins
  12 hobgoblins
  8 jackals
  20 kobolds
  2 quokkas (D:4)
  10 ball pythons
  6 bats
  9 frilled lizards
  3 rats
183 creatures vanquished.

Vanquished Creatures (others)
  A steam dragon (D:9)
  2 kobolds (D:9)
  13 plants (D:2)
16 creatures vanquished.

Grand Total: 199 creatures vanquished

Notes
Turn   | Place    | Note
-------+----------+-------------------------------------------
     0 | D:1      | Shard1697 the Demonspawn Fighter began the quest for the
                  | Orb.
     0 | D:1      | Reached XP level 1. HP: 18/18 MP: 1/1
    84 | D:1      | Gained mutation: You may rarely emit foul miasma when
                  | damaged in melee. [demonic ancestry]
    84 | D:1      | Reached XP level 2. HP: 24/24 MP: 2/2
   488 | D:1      | Gained mutation: You sometimes emit foul miasma when
                  | damaged in melee. [demonic ancestry]
   488 | D:1      | Reached XP level 3. HP: 29/29 MP: 3/3
  1016 | D:2      | Found a faded altar of an unknown god.
  1026 | D:2      | Prayed at the altar of an unknown god.
  1026 | D:2      | Became a worshipper of Qazlal Stormbringer
  1026 | D:2      | Reached * piety under Qazlal
  1200 | D:2      | Reached XP level 4. HP: 12/35 MP: 4/4
  1394 | D:2      | Found a shimmering blue altar of Sif Muna.
  2007 | D:3      | Reached ** piety under Qazlal
  2013 | D:2      | Gained mutation: You have a small tail. [demonic ancestry]
  2013 | D:2      | Reached XP level 5. HP: 29/41 MP: 5/5
  2064 | D:3      | Reached skill level 5 in Maces & Flails
  2822 | D:4      | Reached skill level 1 in Invocations
  2877 | D:4      | Noticed Sigmund
  2926 | D:4      | Killed Sigmund
  2927 | D:4      | Gained mutation: You have a tail ending in a sharp stinger.
                  | [demonic ancestry]
  2927 | D:4      | Reached XP level 6. HP: 48/48 MP: 0/7
  3009 | D:4      | Found a staircase to the Ecumenical Temple.
  3078 | D:4      | Identified the +5 hammer "Kyrishry" {freeze, *Slow +Blink
                  | rF+ Dex+2}
  3082 | D:4      | Found a runed translucent door.
  3083 | D:4      | Noticed Crazy Yiuf
  3091 | D:4      | Killed Crazy Yiuf
  3101 | D:4      | Identified the +11 hammer "Desayge" {drain, rElec}
  3275 | D:4      | Reached XP level 7. HP: 55/55 MP: 9/9
  3503 | D:5      | Entered Level 5 of the Dungeon
  3609 | D:5      | Noticed Eustachio
  3636 | D:5      | Killed Eustachio
  3637 | D:5      | Reached skill level 5 in Fighting
  4185 | D:5      | Reached *** piety under Qazlal
  4344 | D:6      | Reached XP level 8. HP: 61/64 MP: 11/11
  4387 | D:6      | Found a blossoming altar of Fedhas.
  4388 | D:6      | Found an ancient bone altar of Kikubaaqudgha.
  4433 | D:6      | Noticed Edmund
  4443 | D:6      | Killed Edmund
  4619 | D:6      | Identified the +1 leather armour of the Kettle-Drum
                  | {*Corrode rF++}
  5035 | D:7      | Noticed Pikel
  5045 | D:7      | Reached skill level 5 in Invocations
  5055 | D:7      | Killed Pikel
  5124 | D:7      | Reached XP level 9. HP: 56/72 MP: 13/13
  5433 | D:7      | Found a sacrificial altar of Ru.
  5439 | D:7      | Found a shimmering blue altar of Sif Muna.
  5465 | D:7      | Found a hide-covered altar of Uskayaw.
  6242 | D:8      | Killed an unseen horror
  6425 | D:8      | Reached **** piety under Qazlal
  6777 | D:8      | Gained mutation: Spells you cast may paralyse adjacent
                  | enemies. [demonic ancestry]
  6777 | D:8      | Reached XP level 10. HP: 50/83 MP: 15/15
  6879 | D:8      | Learned a level 2 spell: Blink
  6882 | D:8      | Learned a level 2 spell: Lesser Beckoning
  6895 | D:8      | HP: 2/75 [wight/+3 battleaxe (14)]
  6898 | D:8      | Succumbed to a wight's poison

Illustrated notes

Levels and vault maps discovered:
D:1:      minmay_arrival_three_doors, layout_basic
D:2:      layout_loops_ring, basic_altar,
          hellmonk_ecumenical_altar_pennies_from_heaven, fountainhead,
          nicolae_grassy_gnolls
D:3:      layout_loops_ring, serial_glass, glass_columns_b, glass_columns_b,
          glass_columns_a, glass_columns_b
D:4:      layout_rooms, minmay_temple_entry_purple_smoke, uniq_sigmund,
          uniq_crazy_yiuf_cottage
D:5:      layout_basic, uniq_eustachio
D:6:      layout_basic, grunt_temple_overflow_growth_and_decay, uniq_edmund
D:7:      layout_rooms, grunt_temple_overflow_open, zin_statuary, uniq_pikel
D:8:      layout_gridville
D:9:      minmay_the_grid_triangle_9x9_recursive_2
          [minmay_the_grid_triangle_9x9_prize_special,
          minmay_the_grid_triangle_9x9_pentomino_pain,
          minmay_the_grid_triangle_9x9_skeleton,
          minmay_the_grid_triangle_9x9_thin_v], layout_cave_pools,
          nicolae_ashenzari_skybound, erik_lair_orcish_takeover

Skill      XL: |  1  2  3  4  5  6  7  8  9 |
---------------+----------------------------+-----
Maces & Flails | 2 3 4 5 6 8 9 |  9.4
Invocations    | 2 4 5 7 |  7.7
Fighting       | 4 5 7 9 |  9.1
Armour         | |  2.6
Shields        | |  2.6

Action                     |  1- 3 |  4- 6 |  7- 9 | 10-12 || total
---------------------------+-------+-------+-------+-------++-------
  Melee: Flail             |   144 |   105 |       |       ||   249
         Tailslap          |       |     7 |    20 |     2 ||    29
         Mace              |       |    10 |   188 |    10 ||   208
 Invoke: Upheaval          |       |     2 |       |     1 ||     3
    Use: Scroll            |       |     8 |     4 |     1 ||    13
         Potion            |       |       |     1 |     1 ||     2
 Armour: Scale mail        |    71 |    51 |    61 |       ||   183
         Acid dragon scale |       |       |     5 |     1 ||     6
  Dodge: Dodged            |    51 |    43 |    64 |     7 ||   165
         Repelled          |       |       |     1 |       ||     1
  Block: Buckler           |    30 |    40 |    71 |     5 ||   146

Table legend: (Time is in decaauts)
 A = Elapsed time spent in this place.
 B = Non-inter-level travel time spent in this place.
 C = Inter-level travel time spent in this place.
 D = Time resting spent in this place.
 E = Time spent auto-exploring this place.
 F = Levels seen in this place.
 G = Mean time per level.
                   A        B        C        D        E       F      G
               +--------+--------+--------+--------+--------+-----+--------+
         Total |   6980 |   6729 |    251 |    657 |   4594 |   9 |  775.6 |
       Dungeon |   6980 |   6729 |    251 |    657 |   4594 |   9 |  775.6 |
               +--------+--------+--------+--------+--------+-----+--------+

Top non-repeatable levels by time:
     D:8: 1107 daAuts
     D:2: 1092 daAuts
     D:1: 1021 daAuts
     D:5: 801 daAuts
     D:3: 767 daAuts
     D:7: 726 daAuts
     D:6: 718 daAuts
     D:4: 693 daAuts
     D:9: 52 daAuts
